 Dungeon Crawl Stone Soup version 0.25.1-2-g60ff931df9 (webtiles) character file.

Game seed: 18184569978384527470

38 Descartes the Grasshopper (level 3, 0/18 HPs)
             Began as a Spriggan Warper on Nov 13, 2020.
             Slain by a goblin (4 damage)
             ... on level 2 of the Dungeon.
             The game lasted 00:03:18 (2582 turns).

Descartes the Grasshopper (Spriggan Warper)         Turns: 2582, Time: 00:03:18

Health: 0/18       AC:  2    Str:  7    XL:     3   Next: 25%
Magic:  8/8        EV: 18    Int: 15    God:
Gold:   20         SH:  0    Dex: 15    Spells: 7/7 levels left

rFire    . . .     SeeInvis +   a - +0 short sword
rCold    . . .     Gourm    .   (shield restricted)
rNeg     . . .     Faith    .   b - +0 robe
rPois    .         Spirit   .   (helmet restricted)
rElec    .         Reflect  .   (no cloak)
rCorr    .         Harm     .   (gloves unavailable)
MR       .....                  (boots unavailable)
Stlth    ++........             (no amulet)
HPRegen  0.06/turn              (no ring)
MPRegen  0.11/turn              (no ring)

@: very quick
A: very small, unfitting armour, see invisible, herbivore, speed 3, slow
metabolism 2
a: no special abilities


You were on level 2 of the Dungeon.
You were not hungry.

You visited 1 branch of the dungeon, and saw 2 of its levels.

You collected 20 gold pieces.

Inventory:

Hand Weapons
 a - a +0 short sword (weapon)
Missiles
 e - 5 boomerangs of dispersal (quivered)
 k - 23 stones
 n - 24 sling bullets
Armour
 b - a +0 robe (worn)
Scrolls
 c - 2 scrolls of identify {unknown}
 d - a scroll of blinking
 h - a scroll of fear {unknown}
 i - a scroll of magic mapping {unknown}
 l - a scroll of amnesia {unknown}
Potions
 g - a potion of curing {unknown}
 j - a potion of might {unknown}
 m - a potion of stabbing {unknown}
 o - a potion of heal wounds {unknown}
Comestibles
 f - 5 rations


   Skills:
 - Level 1.5 Fighting
 + Level 3.2 Short Blades
 - Level 1.0 Throwing
 - Level 3.5 Dodging
 + Level 3.3 Stealth
 - Level 2.6 Spellcasting
   Level 4.4 Translocations


You had 7 spell levels left.
You didn't know any spells.
Your spell library contained the following spells:

 Spells                   Type           Power        Failure   Level  Hunger
 Blink                    Tloc           N/A          5%          2    ##.....
 Gell's Gravitas          Tloc           ###.......   11%         3    ###....
 Lesser Beckoning         Tloc           ###.......   11%         3    ###....
 Teleport Other           Tloc           ###.....     11%         3    ###....
 Shroud of Golubria       Chrm/Tloc      #.....       13%         2    ##.....
 Passage of Golubria      Tloc           N/A          34%         4    #####..


Dungeon Overview and Level Annotations

Branches:
Dungeon (2/15)

Altars:


Innate Abilities, Weirdness & Mutations

You are very small and have problems with some larger weapons.
You are too small for most types of armour.
You have supernaturally acute eyesight. (SInv)
You are a herbivore.
You cover ground extremely quickly.
You need to consume almost no food.


Message History

You are too injured to fight recklessly!
You hit the worm.
The worm is heavily wounded.
The goblin hits you. The worm closely misses you.
You barely miss the worm.
The worm is heavily wounded.
The goblin misses you.
You hit the worm.
The worm is heavily wounded.
The worm misses you. The goblin misses you.
You hit the worm.
The worm is severely wounded.
The goblin hits you.
* * * LOW HITPOINT WARNING * * *
You barely miss the worm.
The worm is severely wounded.
The worm barely misses you. The goblin misses you.
There is a stone staircase leading up here.
The goblin hits you.
You die...

#############
##$....#.....#
##.........?...
#..............
#..............
#.....@....$...
#.....g........
#.....w........
#...............
..#.............
# ##.....#......
#############


You could see a worm and a goblin.

Vanquished Creatures
  An ooze (D:1)
  5 bats (D:1)
  A giant cockroach (D:1)
  6 goblins (D:1)
  4 hobgoblins (D:1)
  5 kobolds (D:1)
  A ball python (D:1)
  2 frilled lizards (D:1)
  8 rats (D:1)
33 creatures vanquished.

Notes
Turn   | Place    | Note
-------+----------+-------------------------------------------
     0 | D:1      | Descartes the Spriggan Warper began the quest for the Orb.
     0 | D:1      | Reached XP level 1. HP: 10/10 MP: 5/5
    24 | D:1      | Reached skill level 1 in Stealth
   333 | D:1      | Reached XP level 2. HP: 9/14 MP: 6/6
  1890 | D:1      | Reached XP level 3. HP: 18/18 MP: 8/8
  2582 | D:2      | Slain by a goblin

Illustrated notes

Levels and vault maps discovered:
D:1:      co_arrival_random_square_maze, layout_basic, st_stairs_13,
          minmay_vboxes
D:2:      layout_rooms, grunt_temple_overflow_order_and_chaos_1,
          nicolae_overflow_hidden_temple

Skill      XL: |  1  2 |
---------------+-------+-----
Stealth        | 1 3 |  3.3
Short Blades   | 3 |  3.2
Fighting       | |  1.5
Throwing       | |  1.0
Dodging        | |  3.5
Spellcasting   | |  2.6
Translocations | |  4.4

Action                   || total
-------------------------++-------
Melee: Short sword       ||   191
 Stab: Sleeping          ||     3
       Distracted        ||     1
Armor: Robe              ||    31
Dodge: Dodged            ||   214
